 Dungeon Crawl Stone Soup version 0.18-a0-1576-g2b87869 (webtiles) character file.

571 Arkorax the Shooter (level 7, -6/37 HPs)
             Began as a Vine Stalker Wanderer on Mar 17, 2016.
             Mangled by an ice beast (12 damage)
             ... on level 4 of the Dungeon.
             The game lasted 00:04:07 (3295 turns).

Arkorax the Shooter (Vine Stalker Wanderer)         Turns: 3295, Time: 00:04:08

Health: -6/37      AC: 13    Str: 18    XL:     7   Next: 34%
Magic:  0/2        EV:  9    Int: 15    God:
Gold:   175        SH:  0    Dex: 13    Spells: 0 memorised, 6 levels left

rFire  + + +     SeeInvis .     F - +9 long sword "Nenoc" {antimagic, rPois rF+++ rN+ Stlth-}
rCold  x . .     Gourm    .     a - +2 scale mail
rNeg   + + .     Faith    .     (no shield)
rPois  +         Spirit   +     i - +0 helmet
rElec  .         Dismiss  .     (no cloak)
rCorr  .         Reflect  .     (no gloves)
SustAt .         Harm     .     (no boots)
MR     .....                    x - amulet "Qoidom" {RegenMP rC- rN+ Int+4}
Stlth  ..........               s - ring of loudness (curse)
                                k - +4 ring of protection

@: not resistant to hostile enchantments, extremely unstealthy
A: fangs 2, regeneration 2, magic shield, antimagic bite, no device heal 3, rot
immunity
a: no special abilities


You were on level 4 of the Dungeon.
You were not hungry.

You visited 1 branch of the dungeon, and saw 5 of its levels.

You collected 175 gold pieces.

Inventory:

Hand Weapons
 b - a +0 shortbow
 F - the +9 long sword "Nenoc" (weapon) {antimagic, rPois rF+++ rN+ Stlth-}
   (You found it on level 4 of the Dungeon)

   It disrupts the flow of magical energy around spellcasters and certain
   magical creatures (including the wielder).
   It renders you almost immune to fire.
   It protects you from poison.
   It protects you from negative energy.
   It makes you less stealthy.
Missiles
 c - 21 arrows
Armour
 a - a +2 scale mail (worn)
 i - a +0 helmet (worn)
Jewellery
 k - a +4 ring of protection (left hand)
 s - a cursed ring of loudness (right hand)
 x - the amulet "Qoidom" (around neck) {RegenMP rC- rN+ Int+4}
   (You found it on level 4 of the Dungeon)

   [amulet of magic regeneration]

   It increases your magic regeneration.
   It affects your intelligence (+4).
   It makes you vulnerable to cold.
   It protects you from negative energy.
Wands
 u - a wand of lightning (7/15)
 E - a wand of confusion (24/48)
Scrolls
 g - 2 scrolls of magic mapping {unknown}
 h - a scroll of noise {unknown}
 j - a scroll of random uselessness {unknown}
 l - 3 scrolls of identify {unknown}
 n - 5 scrolls of remove curse {unknown}
 r - a scroll of blinking {unknown}
 t - 2 scrolls of fear {unknown}
 v - a scroll of enchant armour {unknown}
 w - a scroll of teleportation
Potions
 d - a potion of lignification
 o - 2 potions of magic {unknown}
 q - a potion of brilliance {unknown}
 z - a potion of resistance {unknown}
 A - 2 potions of agility {unknown}
 B - a potion of cure mutation {unknown}
 C - 2 potions of haste {unknown}
 D - a potion of curing {unknown}
Books
 y - a Grand Grimoire

   Spells                             Type                      Level
   a - Monstrous Menagerie            Summoning                    7
   b - Summon Greater Demon           Summoning                    7
   c - Malign Gateway                 Summoning/Translocation      7
   d - Summon Horrible Things         Summoning                    8
Comestibles
 f - 3 bread rations
 p - a fruit


   Skills:
 + Level 3.9 Fighting
 * Level 6.0 Bows
 - Level 1.5 Armour
 - Level 2.4 Stealth
   Level 2.0 Hexes
   Level 1.0 Poison Magic


You had 6 spell levels left.
You didn't know any spells.

Dungeon Overview and Level Annotations

Branches:
Dungeon (5/15)
 Temple: D:4-7

Altars:
Nemelex Xobeh
Trog
Vehumet
Yredelemnul

Annotations:
D:5 Menkaure


Innate Abilities, Weirdness & Mutations

You have extremely sharp teeth.
You heal very quickly.
When hurt, damage is shared between your health and your magic reserves.
Your bite disrupts and absorbs the magic of your enemies.
Potions and wands cannot restore your health.
You are immune to rotting.


Message History

You climb upwards.
There is a stone staircase leading down here.
Unknown command.
Unknown command.
Wield which item (- for none, * to show all)? (? for menu, Esc to quit)
You feel magic leave you.
F - the +9 long sword "Nenoc" (weapon)
{antimagic, rPois rF+++ rN+ Stlth-} The ice beast hits you.
The ice beast freezes you!
You feel a terrible chill!
* * * LOW HITPOINT WARNING * * *
You slash the ice beast!
The ice beast is moderately wounded.
The ice beast hits you but does no damage.
You hit the ice beast.
You bite the ice beast, but do no damage.
The ice beast is moderately wounded.
The ice beast hits you but does no damage.
The ice beast hits you.
* * * LOW HITPOINT WARNING * * *
The ice beast freezes you!
You feel a terrible chill!
You die...

.....# #..#.# #.#..#.#
.....#
#..#.#########.#..#.#
.....#
#.................#.#
######
#....#########.#.##.#
#.#.......# #.#....#
#.#...###.####.######
#...>..........#
#############.#####.######
.......)....#.WY@...#
###########.######### #.#
#.# #.# #.# #.# #.# #.#


You could see a phantom and an ice beast.

Vanquished Creatures
  The ghost of Arkorax the Ruffian, an amateur VSMo (D:4)
  An ogre (D:4)
  The ghost of Oddball22 the Grasshopper, an amateur DgWr (D:3)
  2 howler monkeys (D:4)
  Natasha (D:2)
  2 worker ants
  Robin (D:2)
  3 gnolls (D:3)
  2 adders
  2 worms (D:2)
  3 giant geckos
  4 orcs (D:4)
  2 giant cockroaches
  18 goblins
  6 hobgoblins
  10 jackals
  4 kobolds
  7 bats
  2 giant newts
  8 rats
80 creatures vanquished.

Notes
Turn   | Place    | Note
--------------------------------------------------------------
     0 | D:1      | Arkorax the Vine Stalker Wanderer began the quest for the Orb.
     0 | D:1      | Arkorax set off with: a +2 scale mail, a +0 shortbow, 28 arrows, a potion of lignification, a +0 dagger, a bread ration
     0 | D:1      | Reached XP level 1. HP: 10/10 MP: 2/2
    22 | D:1      | Reached skill level 2 in Bows
    44 | D:1      | Reached XP level 2. HP: 14/14 MP: 3/3
   692 | D:2      | Reached XP level 3. HP: 16/18 MP: 4/4
   774 | D:2      | Found a bloodstained altar of Trog.
   977 | D:2      | Found a radiant altar of Vehumet.
   980 | D:2      | Found a sparkling altar of Nemelex Xobeh.
  1053 | D:2      | Reached skill level 3 in Bows
  1122 | D:2      | Noticed Robin
  1218 | D:2      | Killed Robin
  1218 | D:2      | Reached XP level 4. HP: 23/23 MP: 5/5
  1389 | D:2      | Noticed Natasha
  1392 | D:2      | Killed Natasha
  1960 | D:3      | Reached skill level 4 in Bows
  1960 | D:3      | Reached XP level 5. HP: 27/27 MP: 6/6
  2073 | D:3      | Noticed Oddball22's ghost (amateur DgWr)
  2132 | D:3      | Killed Oddball22's ghost
  2132 | D:3      | Gained mutation: You heal very quickly. [Vine Stalker growth]
  2132 | D:3      | Reached XP level 6. HP: 30/32 MP: 7/7
  2288 | D:4      | Reached skill level 5 in Bows
  2325 | D:4      | Noticed Arkorax's ghost (amateur VSMo)
  2346 | D:4      | Killed Arkorax's ghost
  2400 | D:4      | Reached XP level 7. HP: 34/37 MP: 8/8
  2410 | D:4      | Got a pitted ruby amulet
  2436 | D:4      | Identified the amulet "Qoidom" {RegenMP rC- rN+ Int+4} (You found it on level 4 of the Dungeon)
  2883 | D:4      | Got a fine long sword
  2884 | D:4      | Identified the +9 long sword "Nenoc" {antimagic, rPois rF+++ rN+ Stlth-} (You found it on level 4 of the Dungeon)
  3230 | D:5      | Entered Level 5 of the Dungeon
  3232 | D:5      | Found a basalt altar of Yredelemnul.
  3247 | D:5      | Reached skill level 6 in Bows
  3281 | D:5      | Noticed Menkaure
  3295 | D:4      | Mangled by an ice beast

Vault maps used:
D:1:      dpeg_arrival_simpleton_c, serial_bayou_pond_a
D:2:      minitemple, serial_bayou, serial_bayou_lake_a, serial_bayou_pond_e,
          serial_bayou_shore_a, serial_bayou_shore_b, first_bread, minivault_27,
          trog_three_pillars_becter, uniq_natasha, uniq_robin
D:5:      basic_altar, kennysheep_diamond, uniq_menkaure, uniq_blork_the_orc

Skill      XL: |  1  2  3  4  5  6  7 |
---------------+----------------------+-----
Bows           | 2 3 4 5 6 |  6.0
Fighting       | 2 3 |  3.9
Armour         | |  1.5
Stealth        | |  2.4
Hexes          | |  2.0
Poison Magic   | |  1.0

Action                   |  1- 3 |  4- 6 |  7- 9 || total
-------------------------+-------+-------+-------++-------
Melee: Short sword       |     8 |    66 |       ||    74
       Long sword        |       |       |     2 ||     2
 Fire: Shortbow          |   107 |   106 |    69 ||   282
  Use: Scroll            |     1 |       |       ||     1
  Eat: Chunk             |     1 |     3 |       ||     4
       Bread ration      |       |     1 |       ||     1
